 Dungeon Crawl Stone Soup version 0.17.2 (webtiles) character file.

208 Miyamura the Skirmisher (level 5, 0/42 HPs)
             Began as a Demonspawn Abyssal Knight on July 1, 2016.
             Was a Believer of Lugonu.
             Killed by a spatial distortion (4 damage)
             ... on level 3 of the Dungeon.
             The game lasted 00:09:56 (4423 turns).

Miyamura the Skirmisher (Demonspawn Abyssal Knight) Turns: 4423, Time: 00:09:56

Health: 0/42       AC:  6    Str: 12      XL:     5   Next: 55%
Magic:  6/6        EV:  9    Int: 14      God:    Lugonu [**....]
Gold:   197        SH:  0    Dex: 10 (13) Spells: 0 memorised, 4 levels left

rFire  . . .     SeeInvis .     a - +1 falchion
rCold  . . .     Clarity  .     f - +0 scale mail
rNeg   . . .     SustAt   .     (no shield)
rPois  .         Gourm    .     (helmet restricted)
rElec  .         Spirit   .     (no cloak)
rCorr  .         Warding  .     (no gloves)
rMut   .         Stasis   .     (no boots)
MR     .....                    m - amulet of inaccuracy (curse)
Stlth  +.........               (no ring)
                                e - ring of stealth

@: lethally poisoned (0 -> -2), not resistant to hostile enchantments, very
unstealthy
A: antennae 2, claws 1, talons 1
a: Depart the Abyss, Bend Space, Renounce Religion


You were on level 3 of the Dungeon.
You worshipped Lugonu.
Lugonu was pleased with you.
You were not hungry.

You visited 1 branch of the dungeon, and saw 3 of its levels.
You visited the Abyss 1 time.

You collected 197 gold pieces.

Inventory:

Hand Weapons
 a - a +1 falchion (weapon)
Armour
 f - a +0 scale mail (worn)
Jewellery
 e - a ring of stealth (left claw)
 m - a cursed amulet of inaccuracy (around neck)
Scrolls
 b - 3 scrolls of amnesia
 g - a scroll of magic mapping
Comestibles
 c - 2 bread rations
 d - 2 chunks of flesh
 i - 4 fruits
 j - 2 beef jerkies


   Skills:
 + Level 3.8 Fighting
 + Level 2.7 Long Blades
 + Level 2.7 Armour
 + Level 2.5 Dodging
 + Level 1.6 Unarmed Combat
 - Level 2.6 Invocations


You had 4 spell levels left.
You didn't know any spells.

Dungeon Overview and Level Annotations

Branches:
Dungeon (3/15)

Altars:
Qazlal

Annotations:
D:3 Grinder


Innate Abilities, Weirdness & Mutations

You have a pair of antennae on your head.
You have sharp fingernails.
You have sharp toenails.


Message History

You feel sick.
You hear some strange, mumbled words.
A puff of frost appears from out of thin air!
The puff of frost hits you!
You hear some strange, mumbled words.
A puff of frost appears from out of thin air!
The puff of frost hits you!
* * * LOW HITPOINT WARNING * * *
You feel sick. Something hits you.
* * * LOW HITPOINT WARNING * * *
Grinder shouts!
Drink which item? (? for menu, Esc to quit)
It was a potion of cancellation.
You feel magically purged.
Read which item? (? for menu, Esc to quit)
Okay, then.
Read which item? (? for menu, Esc to quit)
Okay, then.
Space bends around you!
You blink.
You die...

#.....######......... ######
#####)# #.##.#.<.. .....# #.#
#.......#. ##>#.#### #.#
####)#.### # .....# ##.## #.#.###
# #.##.# #...# #.#.... ####.##.###
#...# ####.##### .......{..# #...#
#.........
#.....#.#s######@..#####.#.).....
#.#.#.#.#{##...........#.#.....#.
....#.#.#.ยง....5............#....
#.###.#.####...........#.#..#..#(
#.###.#.# #####...#####.......#.
#.....#.# ##...## ###.......
#######)# #.....# ##.#.### ##...##
#.#(# ####.### #.#(###


You could see Grinder.

Vanquished Creatures
  A centaur (D:3)
  An orc wizard (D:3)
  3 adders (D:3)
  An ooze (D:1)
  A worm (D:2)
  A giant gecko (D:3)
  7 orcs
  3 bats
  6 giant cockroaches
  6 goblins
  7 hobgoblins
  5 jackals
  6 kobolds
  A quokka (D:2)
  3 giant newts
  7 rats
59 creatures vanquished.

Notes
Turn   | Place    | Note
--------------------------------------------------------------
     0 | Abyss:1  | Miyamura the Demonspawn Abyssal Knight began the quest for the Orb.
     0 | Abyss:1  | Reached XP level 1. HP: 18/18 MP: 2/2
   147 | Abyss:1  | Noticed a quasit
   148 | D:1      | Escaped the Abyss
   170 | D:1      | Reached skill level 1 in Dodging
   658 | D:1      | Reached * piety under Lugonu
   658 | D:1      | Gained mutation: You have sharp fingernails. [demonic ancestry]
   658 | D:1      | Reached XP level 2. HP: 21/24 MP: 3/3
  1503 | D:1      | Gained mutation: You have a pair of small antennae on your head. [demonic ancestry]
  1503 | D:1      | Reached XP level 3. HP: 26/29 MP: 4/4
  2101 | D:2      | Found a stormy altar of Qazlal.
  2930 | D:3      | Reached ** piety under Lugonu
  3163 | D:3      | Reached skill level 1 in Unarmed Combat
  3163 | D:3      | Gained mutation: You have sharp toenails. [demonic ancestry]
  3163 | D:3      | Reached XP level 4. HP: 27/35 MP: 5/5
  3382 | D:3      | Noticed Grinder
  3382 | D:3      | Noticed a centaur
  3422 | D:3      | Killed a centaur
  3422 | D:3      | Gained mutation: You have a pair of antennae on your head. [demonic ancestry]
  3422 | D:3      | Reached XP level 5. HP: 19/42 MP: 6/6
  4390 | D:3      | Noticed a scorpion
  4423 | D:3      | Killed by a spatial distortion

Action                   |  1- 3 |  4- 6 || total
-------------------------+-------+-------++-------
Melee: Falchion          |   166 |   126 ||   292
       Unarmed           |    25 |       ||    25
Invok: Depart the Abyss  |     1 |       ||     1
  Use: Potion            |     2 |     7 ||     9
       Scroll            |    10 |     1 ||    11
 Stab: Sleeping          |     2 |       ||     2
  Eat: Chunk             |     7 |     5 ||    12
